Punishers vs Spitfire
(R2)
Created - 2 juin 2013 at 19:05
Goals
|
| Punishers |
0 |
2 |
1 |
3 |
| Spitfire |
0 |
0 |
2 |
2 |
|
Shots
|
| Punishers |
14 |
10 |
10 |
34 |
| Spitfire |
13 |
4 |
23 |
40 |
|
1st period
No Goal
Penalties :
Mike Weber (Pro) for Diving (Minor) at 6:07, Mike Grier (Pro) for Hooking (Minor) at 10:50, Martin Samuelsson (Val) for Hooking (Minor) at 18:46
2nd period
1. Punishers , Kirk Maltby 5 (Mike Grier, Marc-André Bergeron) at 0:38 (PP)
2. Punishers , Dave Bolland 6 (Jimmie Olvestad, Mark Fraser) at 16:49
Penalties :
Devin Didiomete (Val) for Hooking (Minor) at 1:51, Paul Bissonnette (Val) for High sticking (Minor) at 4:46, Devin Didiomete (Val) for Roughing (Minor) at 7:57, Tim Kennedy (Val) for Hooking (Minor) at 10:37
3rd period
3. Punishers , Mike Grier 9 (Kirk Maltby, Mark Fraser) at 4:57
4. Spitfire , Paul Bissonnette 2 (Kris Beech, Erik Condra) at 7:45
5. Spitfire , Brandon Dubinsky 7 (Martin Samuelsson, Ryan Callahan) at 15:02 (PP)
Penalties :
David Krejci (Val) for Hooking (Minor) at 3:57, Chris Conner (Pro) for Hooking (Minor) at 4:41, Kevin Klein (Val) for Hooking (Minor) at 7:52, Keaton Ellerby (Val) for Hooking (Minor) at 10:45, Adam Pineault (Pro) for Cross-checking (Minor) at 14:45, Brandon Dubinsky (Val) for Holding Stick (Minor) at 17:25
Goalie Stats
Curtis McElhinney (Pro), 38 saves from 40 shots - (0,950), W, 2-0-0, 60:00 minutes
Marc Denis (Val), 31 saves from 34 shots - (0,912), L, 6-4-0, 59:30 minutes
Players Stats for Punishers
Player Name G A P +/- PIM S H SB GA TA FO MP PP MP PK MP
------------------------------------------------------------------------------------
Adam McQuaid 0 0 0 0 0 0 0 1 0 0 0/0 9:44 0:00 0:00
Adam Pineault 0 0 0 0 2 1 1 0 0 0 0/1 11:25 0:21 0:00
Alyn McCauley 0 0 0 0 0 6 4 2 0 0 19/32 22:35 8:34 1:48
Chris Conner 0 0 0 0 2 0 1 0 0 1 0/1 15:44 7:29 0:00
Dave Bolland 1 0 1 0 0 3 0 0 1 0 5/10 17:08 7:33 1:04
Jean-Luc Grand-Pierre 0 0 0 -1 0 3 0 2 0 1 0/0 26:44 9:28 2:28
Jimmie Olvestad 0 1 1 0 0 1 2 0 0 0 0/1 16:53 7:33 1:05
Joe Vitale 0 0 0 0 0 0 0 0 0 0 2/4 6:16 0:00 0:00
Justin Falk 0 0 0 0 0 0 0 0 0 0 0/0 1:27 0:00 0:00
Kirk Maltby 1 1 2 1 0 5 0 1 0 0 0/0 24:10 8:48 2:47
Kris Chucko 0 0 0 0 0 5 0 0 0 0 1/2 8:31 0:00 1:49
Marc-André Bergeron 0 1 1 -1 0 3 2 2 0 0 0/0 28:27 9:37 2:28
Mark Fraser 0 2 2 2 0 0 0 2 0 0 0/0 21:30 6:52 2:31
Mike Blunden 0 0 0 0 0 0 2 0 0 0 1/1 6:48 0:05 0:00
Mike Grier 1 1 2 1 2 3 6 1 0 0 2/7 23:09 8:35 1:25
Mike Weber 0 0 0 0 2 1 1 0 0 1 0/0 10:40 0:09 0:00
Petteri Nokelainen 0 0 0 0 0 1 0 0 0 0 5/7 10:03 0:00 0:00
Stu Bickel 0 0 0 2 0 0 1 1 0 0 0/0 21:30 6:52 2:31
Viktor Stalberg 0 0 0 0 0 2 2 0 1 0 0/1 10:58 0:28 0:00
Players Stats for Spitfire
Player Name G A P +/- PIM S H SB GA TA FO MP PP MP PK MP
------------------------------------------------------------------------------------
Brad Staubitz 0 0 0 0 0 0 0 0 0 0 1/1 6:16 0:00 0:00
Brandon Dubinsky 1 0 1 0 2 5 1 0 0 0 11/26 18:42 2:11 5:05
Danny Syvret 0 0 0 1 0 1 1 1 0 0 0/0 9:23 0:00 0:16
David Krejci 0 0 0 -1 2 1 2 0 0 0 4/12 12:06 2:37 0:29
Denis Shvidki 0 0 0 -1 0 2 3 1 1 0 1/1 17:12 2:37 5:12
Devin Didiomete 0 0 0 0 4 0 0 0 0 0 0/0 6:43 0:00 0:00
Dick Tarnstrom 0 0 0 -1 0 4 2 3 1 0 0/0 29:28 2:40 9:46
Erik Condra 0 1 1 1 0 3 0 0 0 0 1/2 13:26 0:00 3:12
Keaton Ellerby 0 0 0 1 2 0 0 2 0 0 0/0 9:51 0:00 1:01
Kevin Klein 0 0 0 -1 2 5 0 1 0 0 0/0 28:42 2:40 8:34
Kris Beech 0 1 1 1 0 4 1 0 0 0 3/7 10:18 0:31 0:00
Marc-Antoine Pouliot 0 0 0 0 0 2 0 0 1 0 3/3 6:28 0:12 0:00
Martin Samuelsson 0 1 1 -1 2 5 1 0 0 0 0/0 22:34 2:10 7:46
Mathieu Roy 0 0 0 -1 0 3 1 1 0 1 0/0 21:52 2:19 6:43
Matt Walker 0 0 0 -1 0 2 1 2 0 1 0/0 21:20 2:19 6:38
Paul Bissonnette 1 0 1 1 2 3 0 0 0 0 0/0 12:00 0:00 1:46
Ryan Callahan 0 1 1 -1 0 0 4 2 0 0 7/12 23:47 2:03 9:05
Tim Kennedy 0 0 0 -1 2 0 3 0 0 0 1/3 11:59 2:36 0:23
3 Stars
1 - Mike Grier (Pro)
2 - Kirk Maltby (Pro)
3 - Mark Fraser (Pro)
Power Play
Punishers - 1 on 9 Attempt(s) - 11,11%
Spitfire - 1 on 4 Attempt(s) - 25,00%
Penalty Kill
Punishers - 3 on 4 Attempt(s) - 75,00%
- Score 0 goal in Penalty Kill
Spitfire - 8 on 9 Attempt(s) - 88,89%
- Score 0 goal in Penalty Kill
Official
Referees : Hebert Ghislain and Sutherland Kelly
Linesman : Andy McElman and Derek Amell
Game Notes
No Game Note
Finance
Level 1 -- Attendance: 2000 (100,00%) -- Ticket Income 70 000 $
Level 2 -- Attendance: 946 (94,60%) -- Ticket Income 14 190 $
Total Attendance: 2946 (98,20%)
Total Ticket Income: 84 190 $
Other Income: 4 210 $
Total Income: 88 400 $
Punishers
5 vs 5 Forward
Center Left Wing Right Wing Time % Phy DF OF
1 Alyn McCauley Kirk Maltby Mike Grier 40 1 2 2
2 Dave Bolland Jimmie Olvestad Chris Conner 30 1 2 2
3 Petteri Nokelainen Viktor Stalberg Adam Pineault 20 1 2 2
4 Joe Vitale Kris Chucko Mike Blunden 10 1 2 2
5 vs 5 Defense
Defense Defense Time % Phy DF OF
1 Marc-André Bergeron Jean-Luc Grand-Pierre 40 1 2 2
2 Mark Fraser Stu Bickel 30 1 2 2
3 Mike Weber Adam McQuaid 20 1 2 2
4 Justin Falk Marc-André Bergeron 10 1 2 2
PowerPlay Forward
Center Left Wing Right Wing Time % Phy DF OF
1 Alyn McCauley Kirk Maltby Mike Grier 60 1 2 2
2 Dave Bolland Jimmie Olvestad Chris Conner 40 1 2 2
PowerPlay Defense
Defense Defense Time % Phy DF OF
1 Marc-André Bergeron Jean-Luc Grand-Pierre 60 1 2 2
2 Mark Fraser Stu Bickel 40 1 2 2
Penalty Kill 4 Players Forward
Center Wing Time % Phy DF OF
1 Mike Grier Kirk Maltby 60 1 2 2
2 Alyn McCauley Dave Bolland 40 1 2 2
Penalty Kill 4 Players Defense
Defense Defense Time % Phy DF OF
1 Marc-André Bergeron Jean-Luc Grand-Pierre 60 1 2 2
2 Mark Fraser Stu Bickel 40 1 2 2
Penalty Kill - 3 Players Forward
Forward Time % Phy DF OF
1 Mike Grier 60 1 2 2
2 Kirk Maltby 40 1 2 2
Penalty Kill - 3 Players Defense
Defense Defense Time % Phy DF OF
1 Marc-André Bergeron Jean-Luc Grand-Pierre 60 1 2 2
2 Mark Fraser Stu Bickel 40 1 2 2
4 vs 4 Forward
Center Wing Time % Phy DF OF
1 Mike Grier Kirk Maltby 60 1 2 2
2 Alyn McCauley Dave Bolland 40 1 2 2
4 vs 4 Defense
Defense Defense Time % Phy DF OF
1 Marc-André Bergeron Jean-Luc Grand-Pierre 60 1 2 2
2 Mark Fraser Stu Bickel 40 1 2 2
Last Minutes Offensive
Center Left Wing Right Wing Defense Defense
Alyn McCauley Kirk Maltby Mike Grier Marc-André Bergeron Jean-Luc Grand-Pierre
Last Minutes Defensive
Center Left Wing Right Wing Defense Defense
Alyn McCauley Kirk Maltby Mike Grier Marc-André Bergeron Jean-Luc Grand-Pierre
Goaltenders
Starting : Curtis McElhinney
Backup : Karri Ramo
Extra Forwards
Normal : Viktor Stalberg, Adam Pineault, Kris Chucko - PP : Viktor Stalberg, Adam Pineault - PK : Kris Chucko
Extra Defensemen
Normal : Mike Weber, Adam McQuaid, Justin Falk - PP : Mike Weber - PK : Adam McQuaid, Justin Falk
Penalty Shots
Mike Grier, Kirk Maltby, Alyn McCauley, Dave Bolland, Jimmie Olvestad
Spitfire
5 vs 5 Forward
Center Left Wing Right Wing Time % Phy DF OF
1 Brandon Dubinsky Martin Samuelsson Ryan Callahan 40 1 2 2
2 David Krejci Tim Kennedy Denis Shvidki 30 1 2 2
3 Kris Beech Paul Bissonnette Erik Condra 20 1 2 2
4 Marc-Antoine Pouliot Devin Didiomete Brad Staubitz 10 1 2 2
5 vs 5 Defense
Defense Defense Time % Phy DF OF
1 Dick Tarnstrom Kevin Klein 40 1 2 2
2 Matt Walker Mathieu Roy 30 1 2 2
3 Danny Syvret Keaton Ellerby 20 1 2 2
4 Dick Tarnstrom Kevin Klein 10 1 2 2
PowerPlay Forward
Center Left Wing Right Wing Time % Phy DF OF
1 Brandon Dubinsky Martin Samuelsson Ryan Callahan 60 1 2 2
2 David Krejci Tim Kennedy Denis Shvidki 40 1 2 2
PowerPlay Defense
Defense Defense Time % Phy DF OF
1 Dick Tarnstrom Kevin Klein 60 1 2 2
2 Matt Walker Mathieu Roy 40 1 2 2
Penalty Kill 4 Players Forward
Center Wing Time % Phy DF OF
1 Ryan Callahan Martin Samuelsson 60 1 2 2
2 Brandon Dubinsky Denis Shvidki 40 1 2 2
Penalty Kill 4 Players Defense
Defense Defense Time % Phy DF OF
1 Dick Tarnstrom Kevin Klein 60 1 2 2
2 Matt Walker Mathieu Roy 40 1 2 2
Penalty Kill - 3 Players Forward
Forward Time % Phy DF OF
1 Ryan Callahan 60 1 2 2
2 Martin Samuelsson 40 1 2 2
Penalty Kill - 3 Players Defense
Defense Defense Time % Phy DF OF
1 Dick Tarnstrom Kevin Klein 60 1 2 2
2 Matt Walker Mathieu Roy 40 1 2 2
4 vs 4 Forward
Center Wing Time % Phy DF OF
1 Ryan Callahan Martin Samuelsson 60 1 2 2
2 Brandon Dubinsky Denis Shvidki 40 1 2 2
4 vs 4 Defense
Defense Defense Time % Phy DF OF
1 Dick Tarnstrom Kevin Klein 60 1 2 2
2 Matt Walker Mathieu Roy 40 1 2 2
Last Minutes Offensive
Center Left Wing Right Wing Defense Defense
Brandon Dubinsky Martin Samuelsson Ryan Callahan Dick Tarnstrom Kevin Klein
Last Minutes Defensive
Center Left Wing Right Wing Defense Defense
Brandon Dubinsky Martin Samuelsson Ryan Callahan Dick Tarnstrom Kevin Klein
Goaltenders
Starting : Marc Denis
Backup : Yann Danis
Extra Forwards
Normal : Kris Beech, Marc-Antoine Pouliot, Erik Condra - PP : Kris Beech, Marc-Antoine Pouliot - PK : Erik Condra
Extra Defensemen
Normal : Danny Syvret, Keaton Ellerby, Matt Walker - PP : Danny Syvret - PK : Keaton Ellerby, Matt Walker
Penalty Shots
Ryan Callahan, Martin Samuelsson, Brandon Dubinsky, Denis Shvidki, David Krejci
% Time on Ice - Punishers
Lines # - Real PCT - Wanted PCT - Time Play
Normal Forward
1 - 33% - 40% - 12:10
2 - 22% - 30% - 8:13
3 - 27% - 20% - 10:03
4 - 17% - 10% - 6:16
Normal Defense
1 - 38% - 40% - 14:02
2 - 31% - 30% - 11:29
3 - 27% - 20% - 9:44
4 - 4% - 10% - 1:27
PP Forward
1 - 54% - 60% - 8:56
2 - 46% - 40% - 7:33
PP Defense
1 - 58% - 60% - 9:37
2 - 42% - 40% - 6:52
PK Forward
1 - 79% - 60% - 3:55
2 - 21% - 40% - 1:04
PK Defense
1 - 49% - 60% - 2:28
2 - 51% - 40% - 2:31
PK3 Forward
1 - 0% - 60%
2 - 0% - 40%
PK3 Defense
1 - 0% - 60%
2 - 0% - 40%
44 Forward
1 - 76% - 60% - 0:57
2 - 24% - 40% - 0:18
44 Defense
1 - 49% - 60% - 0:37
2 - 51% - 40% - 0:38
Last Minute Offensive - 0:00
Last Minute Defensive - 0:35
Total
Forward - 60:00
Defense - 60:00
|
% Time on Ice - Spitfire
Lines # - Real PCT - Wanted PCT - Time Play
Normal Forward
1 - 33% - 40% - 12:12
2 - 24% - 30% - 9:02
3 - 26% - 20% - 9:47
4 - 17% - 10% - 6:16
Normal Defense
1 - 41% - 40% - 15:18
2 - 32% - 30% - 12:02
3 - 23% - 20% - 8:40
4 - 3% - 10% - 1:17
PP Forward
1 - 47% - 60% - 2:22
2 - 53% - 40% - 2:37
PP Defense
1 - 54% - 60% - 2:40
2 - 46% - 40% - 2:19
PK Forward
1 - 68% - 60% - 11:17
2 - 32% - 40% - 5:12
PK Defense
1 - 60% - 60% - 9:51
2 - 40% - 40% - 6:38
PK3 Forward
1 - 0% - 60%
2 - 0% - 40%
PK3 Defense
1 - 0% - 60%
2 - 0% - 40%
44 Forward
1 - 72% - 60% - 0:54
2 - 28% - 40% - 0:21
44 Defense
1 - 72% - 60% - 0:54
2 - 28% - 40% - 0:21
Last Minute Offensive - 0:00
Last Minute Defensive - 0:00
Total
Forward - 60:00
Defense - 60:00
|
Play by Play
1st period
0:01 of 1st period - Alyn McCauley wins face-off versus Brandon Dubinsky in neutral zone.
0:33 of 1st period - Snap shot by Chris Conner.
0:33 of 1st period - Shot Misses the Net.
0:35 of 1st period - Wrist shot by Jimmie Olvestad.
0:35 of 1st period - Shot Blocked by Mathieu Roy.
0:37 of 1st period - Slapshot by Jean-Luc Grand-Pierre.
0:37 of 1st period - Shot Blocked by Matt Walker.
0:39 of 1st period - Wrist shot by Jimmie Olvestad.
0:39 of 1st period - Stopped by Marc Denis without a rebound.
0:40 of 1st period - Kris Beech wins face-off versus Viktor Stalberg in Spitfire zone.
0:45 of 1st period - Slapshot by Erik Condra.
0:45 of 1st period - Stopped by Curtis McElhinney with a rebound.
0:48 of 1st period - Icing by Adam Pineault.
0:49 of 1st period - Petteri Nokelainen wins face-off versus Kris Beech in Punishers zone.
0:55 of 1st period - Wrist shot by Viktor Stalberg.
0:55 of 1st period - Stopped by Marc Denis with a rebound.
0:57 of 1st period - Slapshot by Petteri Nokelainen.
0:57 of 1st period - Shot Blocked by Keaton Ellerby.
1:39 of 1st period - Slapshot by Adam Pineault.
1:39 of 1st period - Shot Blocked by Keaton Ellerby.
1:41 of 1st period - Wrist shot by Adam Pineault.
1:41 of 1st period - Stopped by Marc Denis without a rebound.
1:42 of 1st period - Alyn McCauley wins face-off versus Brandon Dubinsky in Spitfire zone.
1:55 of 1st period - Snap shot by Alyn McCauley.
1:55 of 1st period - Stopped by Marc Denis with a rebound.
1:57 of 1st period - Snap shot by Mike Grier.
1:57 of 1st period - Deflect By Alyn McCauley.
1:57 of 1st period - Stopped by Marc Denis without a rebound.
1:58 of 1st period - David Krejci wins face-off versus Chris Conner in Spitfire zone.
2:24 of 1st period - Martin Samuelsson is hit by Alyn McCauley and loses puck.
2:29 of 1st period - Slapshot by Mike Grier.
2:29 of 1st period - Shot Blocked by Ryan Callahan.
2:31 of 1st period - Slapshot by Mike Weber.
2:31 of 1st period - Stopped by Marc Denis with a rebound.
3:27 of 1st period - Snap shot by Denis Shvidki.
3:27 of 1st period - Shot Misses the Net.
3:29 of 1st period - Slapshot by Mathieu Roy.
3:29 of 1st period - Stopped by Curtis McElhinney without a rebound.
3:30 of 1st period - Tim Kennedy wins face-off versus Alyn McCauley in Punishers zone.
3:31 of 1st period - Backhand shot by Denis Shvidki.
3:31 of 1st period - Shot Blocked by Alyn McCauley.
3:43 of 1st period - Snap shot by David Krejci.
3:43 of 1st period - Stopped by Curtis McElhinney with a rebound.
3:59 of 1st period - Off-side.
4:00 of 1st period - Marc-Antoine Pouliot wins face-off versus Dave Bolland in neutral zone.
5:48 of 1st period - Wrist shot by Brandon Dubinsky.
5:48 of 1st period - Shot Misses the Net.
5:50 of 1st period - Wrist shot by Martin Samuelsson.
5:50 of 1st period - Stopped by Curtis McElhinney with a rebound.
5:52 of 1st period - Slapshot by Mathieu Roy.
5:52 of 1st period - Shot Misses the Net.
6:07 of 1st period - Minor Penalty to Mike Weber for Diving.
6:08 of 1st period - Mike Grier wins face-off versus David Krejci in Punishers zone.
6:13 of 1st period - Denis Shvidki is hit by Marc-André Bergeron and loses puck.
6:51 of 1st period - Alyn McCauley is hit by Tim Kennedy and loses puck.
8:07 of 1st period - Penalty to Mike Weber is over, Mike Weber is back on ice.
8:16 of 1st period - Icing by Danny Syvret.
8:17 of 1st period - Marc-Antoine Pouliot wins face-off versus Petteri Nokelainen in Spitfire zone.
8:26 of 1st period - Snap shot by Brad Staubitz.
8:26 of 1st period - Shot Misses the Net.
9:19 of 1st period - Mark Fraser is hit by David Krejci and loses puck.
9:39 of 1st period - Stu Bickel is hit by Matt Walker and loses puck.
10:23 of 1st period - Off-side.
10:24 of 1st period - Dave Bolland wins face-off versus Kris Beech in neutral zone.
10:49 of 1st period - Ryan Callahan is hit by Mike Grier.
10:50 of 1st period - Minor Penalty to Mike Grier for Hooking.
10:51 of 1st period - Brandon Dubinsky wins face-off versus Kris Chucko in Punishers zone.
11:19 of 1st period - Slapshot by Marc-André Bergeron.
11:19 of 1st period - Stopped by Marc Denis without a rebound.
11:20 of 1st period - Alyn McCauley wins face-off versus David Krejci in Spitfire zone.
11:21 of 1st period - Snap shot by Kirk Maltby.
11:21 of 1st period - Shot Blocked by Denis Shvidki.
11:31 of 1st period - Wrist shot by Denis Shvidki.
11:31 of 1st period - Shot Blocked by Mark Fraser.
11:33 of 1st period - Snap shot by Denis Shvidki.
11:33 of 1st period - Shot Misses the Net.
11:35 of 1st period - Slapshot by Matt Walker.
11:35 of 1st period - Shot Blocked by Alyn McCauley.
11:37 of 1st period - Slapshot by Matt Walker.
11:37 of 1st period - Stopped by Curtis McElhinney with a rebound.
11:49 of 1st period - Slapshot by Denis Shvidki.
11:49 of 1st period - Stopped by Curtis McElhinney with a rebound.
11:51 of 1st period - Slapshot by Kevin Klein.
11:51 of 1st period - Shot Misses the Net.
11:53 of 1st period - Slapshot by Kevin Klein.
11:53 of 1st period - Stopped by Curtis McElhinney without a rebound.
11:54 of 1st period - Kris Chucko wins face-off versus Brandon Dubinsky in Punishers zone.
12:21 of 1st period - Snap shot by Alyn McCauley.
12:21 of 1st period - Stopped by Marc Denis without a rebound.
12:22 of 1st period - Alyn McCauley wins face-off versus David Krejci in Spitfire zone.
12:43 of 1st period - Snap shot by Brandon Dubinsky.
12:43 of 1st period - Shot Misses the Net.
12:50 of 1st period - Penalty to Mike Grier is over, Mike Grier is back on ice.
12:53 of 1st period - Wrist shot by Brandon Dubinsky.
12:53 of 1st period - Shot Misses the Net.
13:15 of 1st period - Wrist shot by Brad Staubitz.
13:15 of 1st period - Deflect By Marc-Antoine Pouliot.
13:15 of 1st period - Stopped by Curtis McElhinney without a rebound.
13:16 of 1st period - Brandon Dubinsky wins face-off versus Dave Bolland in Punishers zone.
13:32 of 1st period - Off-side.
13:33 of 1st period - Petteri Nokelainen wins face-off versus David Krejci in neutral zone.
13:38 of 1st period - Slapshot by Marc-André Bergeron.
13:38 of 1st period - Stopped by Marc Denis without a rebound.
13:39 of 1st period - David Krejci wins face-off versus Adam Pineault in Spitfire zone.
13:50 of 1st period - Slapshot by Dick Tarnstrom.
13:50 of 1st period - Stopped by Curtis McElhinney without a rebound.
13:51 of 1st period - Alyn McCauley wins face-off versus Brandon Dubinsky in Punishers zone.
13:59 of 1st period - Off-side.
14:00 of 1st period - Alyn McCauley wins face-off versus Brandon Dubinsky in neutral zone.
14:13 of 1st period - Snap shot by Alyn McCauley.
14:13 of 1st period - Shot Misses the Net.
14:15 of 1st period - Slapshot by Mike Grier.
14:15 of 1st period - Shot Blocked by Kevin Klein.
14:17 of 1st period - Slapshot by Jean-Luc Grand-Pierre.
14:17 of 1st period - Stopped by Marc Denis with a rebound.
14:19 of 1st period - Snap shot by Kirk Maltby.
14:19 of 1st period - Shot Misses the Net.
14:21 of 1st period - Snap shot by Alyn McCauley.
14:21 of 1st period - Stopped by Marc Denis without a rebound.
14:22 of 1st period - Dave Bolland wins face-off versus David Krejci in Spitfire zone.
14:56 of 1st period - Snap shot by Brandon Dubinsky.
14:56 of 1st period - Stopped by Curtis McElhinney with a rebound.
15:12 of 1st period - Slapshot by Jean-Luc Grand-Pierre.
15:12 of 1st period - Stopped by Marc Denis with a rebound.
15:14 of 1st period - Backhand shot by Marc-André Bergeron.
15:14 of 1st period - Stopped by Marc Denis with a rebound.
15:16 of 1st period - Slapshot by Marc-André Bergeron.
15:16 of 1st period - Shot Misses the Net.
16:09 of 1st period - Dick Tarnstrom is hit by Mike Grier and loses puck.
16:30 of 1st period - Snap shot by Viktor Stalberg.
16:30 of 1st period - Stopped by Marc Denis with a rebound.
16:32 of 1st period - Snap shot by Mark Fraser.
16:32 of 1st period - Deflect By Viktor Stalberg.
16:32 of 1st period - Shot Blocked by Danny Syvret.
16:32 of 1st period - Puck is out of play.
16:33 of 1st period - David Krejci wins face-off versus Petteri Nokelainen in Spitfire zone.
16:38 of 1st period - Mark Fraser is hit by Tim Kennedy and loses puck.
17:19 of 1st period - Snap shot by Erik Condra.
17:19 of 1st period - Shot Misses the Net.
17:27 of 1st period - Snap shot by Erik Condra.
17:27 of 1st period - Shot Misses the Net.
17:29 of 1st period - Slapshot by Danny Syvret.
17:29 of 1st period - Shot Misses the Net.
17:46 of 1st period - Off-side.
17:47 of 1st period - Alyn McCauley wins face-off versus Brandon Dubinsky in neutral zone.
18:12 of 1st period - Kevin Klein is hit by Jimmie Olvestad and loses puck.
18:37 of 1st period - Wrist shot by Kris Beech.
18:37 of 1st period - Stopped by Curtis McElhinney with a rebound.
18:39 of 1st period - Wrist shot by Kris Beech.
18:39 of 1st period - Stopped by Curtis McElhinney with a rebound.
18:41 of 1st period - Slapshot by Kris Beech.
18:41 of 1st period - Stopped by Curtis McElhinney without a rebound.
18:42 of 1st period - Brandon Dubinsky wins face-off versus Alyn McCauley in Punishers zone.
18:46 of 1st period - Minor Penalty to Martin Samuelsson for Hooking.
18:47 of 1st period - Erik Condra wins face-off versus Alyn McCauley in Spitfire zone.
18:47 of 1st period - Erik Condra is hit by Mike Grier.
2nd period
0:01 of 2nd period - Alyn McCauley wins face-off versus Ryan Callahan in neutral zone.
0:16 of 2nd period - Snap shot by Kirk Maltby.
0:16 of 2nd period - Stopped by Marc Denis with a rebound.
0:38 of 2nd period - Snap shot by Kirk Maltby.
0:38 of 2nd period - Goal by Kirk Maltby - Punishers : 1 - Spitfire : 0.
0:39 of 2nd period - Denis Shvidki wins face-off versus Jimmie Olvestad in neutral zone.
1:35 of 2nd period - Snap shot by Kris Beech.
1:35 of 2nd period - Shot Blocked by Mark Fraser.
1:37 of 2nd period - Slapshot by Kevin Klein.
1:37 of 2nd period - Stopped by Curtis McElhinney with a rebound.
1:51 of 2nd period - Minor Penalty to Devin Didiomete for Hooking.
1:52 of 2nd period - Ryan Callahan wins face-off versus Alyn McCauley in Spitfire zone.
2:05 of 2nd period - Wrist shot by Kirk Maltby.
2:05 of 2nd period - Shot Misses the Net.
2:07 of 2nd period - Slapshot by Jean-Luc Grand-Pierre.
2:07 of 2nd period - Shot Misses the Net.
2:17 of 2nd period - Martin Samuelsson is hit by Chris Conner and loses puck.
2:44 of 2nd period - Slapshot by Denis Shvidki.
2:44 of 2nd period - Stopped by Curtis McElhinney without a rebound.
2:45 of 2nd period - Brandon Dubinsky wins face-off versus Dave Bolland in Punishers zone.
2:54 of 2nd period - Snap shot by Dave Bolland.
2:54 of 2nd period - Deflect By Chris Conner.
2:54 of 2nd period - Shot Blocked by Dick Tarnstrom.
2:54 of 2nd period - Puck is out of play.
2:55 of 2nd period - Brandon Dubinsky wins face-off versus Dave Bolland in Spitfire zone.
3:27 of 2nd period - Snap shot by Mark Fraser.
3:27 of 2nd period - Shot Blocked by Dick Tarnstrom.
3:51 of 2nd period - Penalty to Devin Didiomete is over, Devin Didiomete is back on ice.
4:28 of 2nd period - Alyn McCauley is hit by Denis Shvidki and loses puck.
4:46 of 2nd period - Minor Penalty to Paul Bissonnette for High sticking.
4:47 of 2nd period - Alyn McCauley wins face-off versus Ryan Callahan in Spitfire zone.
5:32 of 2nd period - Slapshot by Mathieu Roy.
5:32 of 2nd period - Shot Blocked by Jean-Luc Grand-Pierre.
6:01 of 2nd period - Matt Walker is hit by Mike Grier and loses puck.
6:46 of 2nd period - Penalty to Paul Bissonnette is over, Paul Bissonnette is back on ice.
7:12 of 2nd period - Erik Condra is hit by Viktor Stalberg and loses puck.
7:19 of 2nd period - Adam Pineault is hit by Kris Beech.
7:38 of 2nd period - Kris Chucko is hit by Denis Shvidki.
7:53 of 2nd period - Mathieu Roy is hit by Mike Grier and loses puck.
7:57 of 2nd period - Minor Penalty to Devin Didiomete for Roughing.
7:58 of 2nd period - Ryan Callahan wins face-off versus Alyn McCauley in Spitfire zone.
8:13 of 2nd period - Off-side.
8:14 of 2nd period - Ryan Callahan wins face-off versus Alyn McCauley in neutral zone.
8:17 of 2nd period - Mike Grier is hit by Ryan Callahan and loses puck.
8:22 of 2nd period - Snap shot by Ryan Callahan.
8:22 of 2nd period - Shot Misses the Net.
9:39 of 2nd period - Icing by Jean-Luc Grand-Pierre.
9:40 of 2nd period - Dave Bolland wins face-off versus Erik Condra in Punishers zone.
9:57 of 2nd period - Penalty to Devin Didiomete is over, Devin Didiomete is back on ice.
10:01 of 2nd period - Jean-Luc Grand-Pierre is hit by Ryan Callahan and loses puck.
10:24 of 2nd period - Snap shot by Kris Chucko.
10:24 of 2nd period - Stopped by Marc Denis without a rebound.
10:25 of 2nd period - Joe Vitale wins face-off versus David Krejci in Spitfire zone.
10:26 of 2nd period - Snap shot by Kris Chucko.
10:26 of 2nd period - Stopped by Marc Denis without a rebound.
10:27 of 2nd period - Joe Vitale wins face-off versus David Krejci in Spitfire zone.
10:37 of 2nd period - Minor Penalty to Tim Kennedy for Hooking.
10:38 of 2nd period - Alyn McCauley wins face-off versus Ryan Callahan in Spitfire zone.
10:49 of 2nd period - Dick Tarnstrom is hit by Alyn McCauley and loses puck.
12:37 of 2nd period - Penalty to Tim Kennedy is over, Tim Kennedy is back on ice.
13:08 of 2nd period - Dick Tarnstrom is hit by Mike Weber and loses puck.
13:55 of 2nd period - Snap shot by Martin Samuelsson.
13:55 of 2nd period - Shot Misses the Net.
14:33 of 2nd period - Mike Weber is hit by Danny Syvret.
14:48 of 2nd period - Martin Samuelsson is hit by Mike Blunden and loses puck.
14:55 of 2nd period - Dick Tarnstrom is hit by Mike Blunden and loses puck.
15:06 of 2nd period - Adam Pineault is hit by Dick Tarnstrom and loses puck.
15:23 of 2nd period - Slapshot by Denis Shvidki.
15:23 of 2nd period - Shot Blocked by Adam McQuaid.
15:46 of 2nd period - Adam Pineault is hit by Mathieu Roy and loses puck.
16:07 of 2nd period - Icing by Martin Samuelsson.
16:08 of 2nd period - Mike Blunden wins face-off versus Brandon Dubinsky in Spitfire zone.
16:09 of 2nd period - Wrist shot by Kris Chucko.
16:09 of 2nd period - Stopped by Marc Denis without a rebound.
16:10 of 2nd period - Alyn McCauley wins face-off versus Brandon Dubinsky in Spitfire zone.
16:11 of 2nd period - Wrist shot by Kirk Maltby.
16:11 of 2nd period - Stopped by Marc Denis with a rebound.
16:13 of 2nd period - Snap shot by Kirk Maltby.
16:13 of 2nd period - Stopped by Marc Denis without a rebound.
16:14 of 2nd period - Alyn McCauley wins face-off versus Brandon Dubinsky in Spitfire zone.
16:49 of 2nd period - Snap shot by Dave Bolland.
16:49 of 2nd period - Goal by Dave Bolland - Punishers : 2 - Spitfire : 0.
16:50 of 2nd period - Alyn McCauley wins face-off versus Brandon Dubinsky in neutral zone.
17:34 of 2nd period - Kevin Klein is hit by Stu Bickel and loses puck.
17:57 of 2nd period - Off-side.
17:58 of 2nd period - Brad Staubitz wins face-off versus Mike Grier in neutral zone.
18:05 of 2nd period - Snap shot by Marc-Antoine Pouliot.
18:05 of 2nd period - Stopped by Curtis McElhinney without a rebound.
18:06 of 2nd period - Brandon Dubinsky wins face-off versus Alyn McCauley in Punishers zone.
18:07 of 2nd period - Snap shot by Martin Samuelsson.
18:07 of 2nd period - Shot Blocked by Marc-André Bergeron.
18:17 of 2nd period - Wrist shot by Kirk Maltby.
18:17 of 2nd period - Shot Misses the Net.
18:19 of 2nd period - Wrist shot by Mike Grier.
18:19 of 2nd period - Stopped by Marc Denis with a rebound.
19:10 of 2nd period - Stu Bickel is hit by Dick Tarnstrom and loses puck.
19:21 of 2nd period - Wrist shot by Kris Chucko.
19:21 of 2nd period - Stopped by Marc Denis with a rebound.
19:31 of 2nd period - Alyn McCauley is hit by Martin Samuelsson and loses puck.
19:38 of 2nd period - Snap shot by Brandon Dubinsky.
19:38 of 2nd period - Stopped by Curtis McElhinney with a rebound.
19:56 of 2nd period - Tim Kennedy is hit by Jimmie Olvestad and loses puck.
3rd period
0:01 of 3rd period - Alyn McCauley wins face-off versus Brandon Dubinsky in neutral zone.
0:09 of 3rd period - Icing by Martin Samuelsson.
0:10 of 3rd period - Alyn McCauley wins face-off versus Brandon Dubinsky in Spitfire zone.
0:25 of 3rd period - Wrist shot by Martin Samuelsson.
0:25 of 3rd period - Stopped by Curtis McElhinney without a rebound.
0:26 of 3rd period - Dave Bolland wins face-off versus Tim Kennedy in Punishers zone.
0:51 of 3rd period - Kevin Klein is hit by Alyn McCauley and loses puck.
0:58 of 3rd period - Snap shot by Kirk Maltby.
0:58 of 3rd period - Stopped by Marc Denis with a rebound.
1:22 of 3rd period - Wrist shot by Kris Chucko.
1:22 of 3rd period - Shot Misses the Net.
1:24 of 3rd period - Snap shot by Kris Chucko.
1:24 of 3rd period - Shot Misses the Net.
1:26 of 3rd period - Snap shot by Kris Chucko.
1:26 of 3rd period - Stopped by Marc Denis with a rebound.
2:13 of 3rd period - Off-side.
2:14 of 3rd period - Alyn McCauley wins face-off versus Kris Beech in neutral zone.
2:23 of 3rd period - Snap shot by Alyn McCauley.
2:23 of 3rd period - Stopped by Marc Denis with a rebound.
2:25 of 3rd period - Wrist shot by Mike Grier.
2:25 of 3rd period - Shot Misses the Net.
2:27 of 3rd period - Wrist shot by Mike Grier.
2:27 of 3rd period - Stopped by Marc Denis without a rebound.
2:28 of 3rd period - Alyn McCauley wins face-off versus Brandon Dubinsky in Spitfire zone.
3:14 of 3rd period - Mathieu Roy is hit by Alyn McCauley and loses puck.
3:19 of 3rd period - Snap shot by Mike Grier.
3:19 of 3rd period - Shot Misses the Net.
3:21 of 3rd period - Slapshot by Alyn McCauley.
3:21 of 3rd period - Stopped by Marc Denis without a rebound.
3:22 of 3rd period - Dave Bolland wins face-off versus Brandon Dubinsky in Spitfire zone.
3:47 of 3rd period - Viktor Stalberg is hit by David Krejci and loses puck.
3:57 of 3rd period - Minor Penalty to David Krejci for Hooking.
3:58 of 3rd period - Ryan Callahan wins face-off versus Alyn McCauley in Spitfire zone.
4:30 of 3rd period - Snap shot by Denis Shvidki.
4:30 of 3rd period - Shot Misses the Net.
4:32 of 3rd period - Snap shot by Brandon Dubinsky.
4:32 of 3rd period - Shot Misses the Net.
4:34 of 3rd period - Slapshot by Mathieu Roy.
4:34 of 3rd period - Stopped by Curtis McElhinney with a rebound.
4:41 of 3rd period - Minor Penalty to Chris Conner for Hooking.
4:42 of 3rd period - Mike Grier wins face-off versus Ryan Callahan in Punishers zone.
4:55 of 3rd period - Slapshot by Kirk Maltby.
4:55 of 3rd period - Shot Misses the Net.
4:57 of 3rd period - Slapshot by Mike Grier.
4:57 of 3rd period - Goal by Mike Grier - Punishers : 3 - Spitfire : 0.
4:58 of 3rd period - Ryan Callahan wins face-off versus Mike Grier in neutral zone.
5:57 of 3rd period - Penalty to David Krejci is over, David Krejci is back on ice.
6:41 of 3rd period - Penalty to Chris Conner is over, Chris Conner is back on ice.
6:57 of 3rd period - Slapshot by Viktor Stalberg.
6:57 of 3rd period - Shot Blocked by Matt Walker.
7:08 of 3rd period - Off-side.
7:09 of 3rd period - Marc-Antoine Pouliot wins face-off versus Joe Vitale in neutral zone.
7:24 of 3rd period - Slapshot by Jean-Luc Grand-Pierre.
7:24 of 3rd period - Stopped by Marc Denis with a rebound.
7:43 of 3rd period - Slapshot by Paul Bissonnette.
7:43 of 3rd period - Stopped by Curtis McElhinney with a rebound.
7:45 of 3rd period - Snap shot by Paul Bissonnette.
7:45 of 3rd period - Goal by Paul Bissonnette - Punishers : 3 - Spitfire : 1.
7:46 of 3rd period - Brandon Dubinsky wins face-off versus Alyn McCauley in neutral zone.
7:52 of 3rd period - Minor Penalty to Kevin Klein for Hooking.
7:53 of 3rd period - Alyn McCauley wins face-off versus Ryan Callahan in Spitfire zone.
8:06 of 3rd period - Wrist shot by Kirk Maltby.
8:06 of 3rd period - Shot Blocked by Dick Tarnstrom.
8:08 of 3rd period - Slapshot by Jean-Luc Grand-Pierre.
8:08 of 3rd period - Shot Blocked by Ryan Callahan.
9:16 of 3rd period - Paul Bissonnette is hit by Mike Grier and loses puck.
9:39 of 3rd period - Jean-Luc Grand-Pierre is hit by Denis Shvidki and loses puck.
9:52 of 3rd period - Penalty to Kevin Klein is over, Kevin Klein is back on ice.
10:16 of 3rd period - Slapshot by Mathieu Roy.
10:16 of 3rd period - Stopped by Curtis McElhinney with a rebound.
10:18 of 3rd period - Slapshot by Danny Syvret.
10:18 of 3rd period - Stopped by Curtis McElhinney without a rebound.
10:19 of 3rd period - Petteri Nokelainen wins face-off versus Tim Kennedy in Punishers zone.
10:26 of 3rd period - Snap shot by Petteri Nokelainen.
10:26 of 3rd period - Stopped by Marc Denis without a rebound.
10:27 of 3rd period - Petteri Nokelainen wins face-off versus David Krejci in Spitfire zone.
10:32 of 3rd period - Snap shot by Viktor Stalberg.
10:32 of 3rd period - Shot Misses the Net.
10:42 of 3rd period - Wrist shot by David Krejci.
10:42 of 3rd period - Deflect By Adam Pineault.
10:42 of 3rd period - Shot Misses the Net.
10:42 of 3rd period - Puck is out of play.
10:43 of 3rd period - Brandon Dubinsky wins face-off versus Alyn McCauley in Punishers zone.
10:44 of 3rd period - Slapshot by Martin Samuelsson.
10:44 of 3rd period - Shot Blocked by Mike Grier.
10:45 of 3rd period - Minor Penalty to Keaton Ellerby for Hooking.
10:46 of 3rd period - Ryan Callahan wins face-off versus Alyn McCauley in Spitfire zone.
11:17 of 3rd period - Wrist shot by Dave Bolland.
11:17 of 3rd period - Stopped by Marc Denis with a rebound.
11:19 of 3rd period - Slapshot by Dave Bolland.
11:19 of 3rd period - Stopped by Marc Denis with a rebound.
11:21 of 3rd period - Wrist shot by Dave Bolland.
11:21 of 3rd period - Shot Misses the Net.
11:57 of 3rd period - Jean-Luc Grand-Pierre is hit by Ryan Callahan.
12:45 of 3rd period - Penalty to Keaton Ellerby is over, Keaton Ellerby is back on ice.
12:55 of 3rd period - Slapshot by Matt Walker.
12:55 of 3rd period - Stopped by Curtis McElhinney without a rebound.
12:56 of 3rd period - David Krejci wins face-off versus Joe Vitale in Punishers zone.
13:07 of 3rd period - Backhand shot by Denis Shvidki.
13:07 of 3rd period - Shot Misses the Net.
13:21 of 3rd period - Danny Syvret is hit by Adam Pineault and loses puck.
14:45 of 3rd period - Minor Penalty to Adam Pineault for Cross-checking.
14:46 of 3rd period - Brandon Dubinsky wins face-off versus Mike Grier in Punishers zone.
14:47 of 3rd period - Backhand shot by Martin Samuelsson.
14:47 of 3rd period - Stopped by Curtis McElhinney with a rebound.
14:49 of 3rd period - Slapshot by Brandon Dubinsky.
14:49 of 3rd period - Stopped by Curtis McElhinney without a rebound.
14:50 of 3rd period - Brandon Dubinsky wins face-off versus Mike Grier in Punishers zone.
14:51 of 3rd period - Backhand shot by Martin Samuelsson.
14:51 of 3rd period - Stopped by Curtis McElhinney with a rebound.
14:53 of 3rd period - Wrist shot by Kevin Klein.
14:53 of 3rd period - Deflect By Brandon Dubinsky.
14:53 of 3rd period - Stopped by Curtis McElhinney without a rebound.
14:54 of 3rd period - Brandon Dubinsky wins face-off versus Mike Grier in Punishers zone.
15:02 of 3rd period - Slapshot by Brandon Dubinsky.
15:02 of 3rd period - Goal by Brandon Dubinsky - Punishers : 3 - Spitfire : 2.
15:03 of 3rd period - Alyn McCauley wins face-off versus Kris Beech in neutral zone.
15:32 of 3rd period - Viktor Stalberg is hit by Brandon Dubinsky.
15:48 of 3rd period - Stu Bickel is hit by Tim Kennedy and loses puck.
16:11 of 3rd period - Slapshot by Keaton Ellerby.
16:11 of 3rd period - Shot Hit the Post.
16:13 of 3rd period - Wrist shot by Brad Staubitz.
16:13 of 3rd period - Shot Blocked by Stu Bickel.
16:15 of 3rd period - Slapshot by Keaton Ellerby.
16:15 of 3rd period - Deflect By Brad Staubitz.
16:15 of 3rd period - Shot Misses the Net.
16:15 of 3rd period - Puck is out of play.
16:16 of 3rd period - Kris Beech wins face-off versus Alyn McCauley in Punishers zone.
16:17 of 3rd period - Slapshot by Dick Tarnstrom.
16:17 of 3rd period - Deflect By Erik Condra.
16:17 of 3rd period - Stopped by Curtis McElhinney with a rebound.
16:19 of 3rd period - Slapshot by Dick Tarnstrom.
16:19 of 3rd period - Shot Blocked by Kirk Maltby.
16:21 of 3rd period - Wrist shot by Kris Beech.
16:21 of 3rd period - Shot Misses the Net.
16:23 of 3rd period - Snap shot by Kris Beech.
16:23 of 3rd period - Shot Misses the Net.
16:25 of 3rd period - Slapshot by Kevin Klein.
16:25 of 3rd period - Deflect By Alyn McCauley.
16:25 of 3rd period - Stopped by Curtis McElhinney without a rebound.
16:26 of 3rd period - Kris Beech wins face-off versus Alyn McCauley in Punishers zone.
16:29 of 3rd period - Snap shot by Kris Beech.
16:29 of 3rd period - Shot Misses the Net.
16:31 of 3rd period - Snap shot by Erik Condra.
16:31 of 3rd period - Shot Misses the Net.
16:33 of 3rd period - Wrist shot by Kevin Klein.
16:33 of 3rd period - Shot Misses the Net.
16:51 of 3rd period - Slapshot by Dick Tarnstrom.
16:51 of 3rd period - Deflect By Kirk Maltby.
16:51 of 3rd period - Stopped by Curtis McElhinney with a rebound.
16:53 of 3rd period - Slapshot by Kris Beech.
16:53 of 3rd period - Stopped by Curtis McElhinney with a rebound.
17:05 of 3rd period - Slapshot by Dick Tarnstrom.
17:05 of 3rd period - Stopped by Curtis McElhinney with a rebound.
17:07 of 3rd period - Snap shot by Erik Condra.
17:07 of 3rd period - Stopped by Curtis McElhinney with a rebound.
17:09 of 3rd period - Snap shot by Erik Condra.
17:09 of 3rd period - Shot Misses the Net.
17:11 of 3rd period - Backhand shot by Erik Condra.
17:11 of 3rd period - Deflect By Paul Bissonnette.
17:11 of 3rd period - Stopped by Curtis McElhinney with a rebound.
17:13 of 3rd period - Slapshot by Dick Tarnstrom.
17:13 of 3rd period - Stopped by Curtis McElhinney with a rebound.
17:15 of 3rd period - Wrist shot by Erik Condra.
17:15 of 3rd period - Shot Blocked by Marc-André Bergeron.
17:17 of 3rd period - Slapshot by Kevin Klein.
17:17 of 3rd period - Stopped by Curtis McElhinney with a rebound.
17:19 of 3rd period - Snap shot by Paul Bissonnette.
17:19 of 3rd period - Shot Blocked by Jean-Luc Grand-Pierre.
17:21 of 3rd period - Snap shot by Kevin Klein.
17:21 of 3rd period - Stopped by Curtis McElhinney without a rebound.
17:22 of 3rd period - Petteri Nokelainen wins face-off versus Brandon Dubinsky in Punishers zone.
17:22 of 3rd period - Petteri Nokelainen is hit by Ryan Callahan.
17:25 of 3rd period - Minor Penalty to Brandon Dubinsky for Holding Stick.
17:26 of 3rd period - Ryan Callahan wins face-off versus Dave Bolland in Spitfire zone.
17:26 of 3rd period - Ryan Callahan is hit by Marc-André Bergeron.
19:11 of 3rd period - Kevin Klein is hit by Viktor Stalberg and loses puck.
19:25 of 3rd period - Penalty to Brandon Dubinsky is over, Brandon Dubinsky is back on ice.
19:30 of 3rd period - Spitfire, Marc Denis is pulled from the net.
19:38 of 3rd period - Snap shot by Martin Samuelsson.
19:38 of 3rd period - Stopped by Curtis McElhinney with a rebound.
19:46 of 3rd period - Snap shot by Mike Grier.
19:46 of 3rd period - Shot Misses the Net.
Output by the SimonT Hockey Simulator (STHS) for François Prévost -- Original Page W3C XHTML 1.0 Valid